TOP OF THE 1ST |
Boston (APP) Red Sox batting - Pitching for Seattle (APP) Mariners : LHP Omar Gutierrez
|
Pitching: LHP Omar Gutierrez
|
|
Batting: RHB Bob Reichley
|
0-0: Ground out 6-3 (Groundball, 56, EV 111.9 MPH)
|
Batting: RHB Chris Zubia
|
0-0: Foul Ball, location: 2F 0-1: Swinging Strike 0-2: Ball 1-2: Ball 2-2: Strikes out looking
|
Batting: RHB Felix Rangel
|
0-0: Ball 1-0: Swinging Strike 1-1: Foul Ball, location: 2F 1-2: Strikes out swinging
|
Top of the 1st over - 0 runs, 0 hits, 0 errors, 0 left on base; Boston (APP) 0 - Seattle (APP) 0 |
BOTTOM OF THE 1ST |
Seattle (APP) Mariners batting - Pitching for Boston (APP) Red Sox : LHP Ryan Davis
|
Pitching: LHP Ryan Davis
|
|
Batting: RHB Carlton McDonald
|
0-0: Called Strike 0-1: Ball 1-1: Ball 2-1: Foul Ball, location: 2F 2-2: Ball 3-2: Base on Balls
|
Batting: RHB Caleb Dean
|
0-0: Ball 1-0: Called Strike 1-1: TRIPLE (Line Drive, 89XD, EV 112.5 MPH) Carlton McDonald scores
|
Batting: LHB William Gonzales
|
0-0: Called Strike 0-1: Ball 1-1: DOUBLE (Line Drive, 78D, EV 106.2 MPH) Caleb Dean scores
|
Batting: RHB Rich Griffith
|
0-0: Ball 1-0: Called Strike 1-1: Ground out 5-3 (Groundball, 56S, EV 74.4 MPH) William Gonzales to third
|
Batting: RHB Eddie Luna
|
0-0: Ball 1-0: Foul Ball, location: 2F 1-1: Ball 2-1: Ball 3-1: Called Strike 3-2: Base on Balls
|
Batting: RHB Joaquin Salazar
|
0-0: Ball 1-0: 3-RUN HOME RUN (Flyball, 89XD, EV 101.9 MPH), Distance : 392 ft
|
Batting: RHB Ziven Badersky
|
0-0: Foul Ball, location: 2F 0-1: Ball 1-1: Fly out, F9 (Line Drive, 9D, EV 93.1 MPH)
|
Batting: LHB Garrett Dodge
|
0-0: Swinging Strike 0-1: Ball 1-1: Called Strike 1-2: Ball 2-2: Foul Ball, location: 2F 2-2: Strikes out looking
|
Bottom of the 1st over - 5 runs, 3 hits, 0 errors, 0 left on base; Boston (APP) 0 - Seattle (APP) 5 |
TOP OF THE 2ND |
Boston (APP) Red Sox batting - Pitching for Seattle (APP) Mariners : LHP Omar Gutierrez
|
Batting: RHB Eric Kent
|
0-0: Ball 1-0: Swinging Strike 1-1: Foul Ball, location: 2F 1-2: Foul Ball, location: 2F 1-2: Strikes out swinging
|
Batting: RHB Wayne Whimster
|
0-0: Called Strike 0-1: Ball 1-1: Ball 2-1: Foul Ball, location: 2F 2-2: Strikes out swinging
|
Batting: RHB Kirk Cully
|
0-0: Ball 1-0: Called Strike 1-1: Swinging Strike 1-2: Ball 2-2: Ground out 4-3 (Groundball, 4, EV 80.6 MPH)
|
Top of the 2nd over - 0 runs, 0 hits, 0 errors, 0 left on base; Boston (APP) 0 - Seattle (APP) 5 |
BOTTOM OF THE 2ND |
Seattle (APP) Mariners batting - Pitching for Boston (APP) Red Sox : LHP Ryan Davis
|
Batting: RHB Tristan Martin
|
0-0: Called Strike 0-1: Ball 1-1: Swinging Strike 1-2: Strikes out swinging
|
Batting: RHB Carlton McDonald
|
0-0: Ball 1-0: Ball 2-0: Ball 3-0: Called Strike 3-1: Base on Balls
|
Batting: RHB Caleb Dean
|
0-0: Called Strike 0-1: Called Strike 0-2: Foul Ball, location: 2F 0-2: DOUBLE (Flyball, 8LXD, EV 111.9 MPH) Carlton McDonald to third
|
Pitching: RHP Du Kong
|
|
Batting: LHB William Gonzales
|
0-0: Called Strike 0-1: Called Strike 0-2: Strikes out swinging
|
Batting: RHB Rich Griffith
|
0-0: Ball 1-0: Ball 2-0: Called Strike 2-1: Ball 3-1: Base on Balls
|
Batting: RHB Eddie Luna
|
0-0: Ball 1-0: Called Strike 1-1: Foul Ball, location: 2F 1-2: Ball 2-2: SINGLE (Flyball, 3D, EV 95.6 MPH) Carlton McDonald scores Caleb Dean to third Rich Griffith to second Runner from 3rd tries for Home, throw by RF and OUT! 9-2
|
Bottom of the 2nd over - 1 run, 2 hits, 0 errors, 2 left on base; Boston (APP) 0 - Seattle (APP) 6 |
TOP OF THE 3RD |
Boston (APP) Red Sox batting - Pitching for Seattle (APP) Mariners : LHP Omar Gutierrez
|
Batting: RHB Ryan Davis
|
0-0: Fly out, F3 (Line Drive, 3, EV 68.1 MPH)
|
Batting: RHB Luis Nino
|
0-0: Foul Ball, location: 2F 0-1: Ball 1-1: Ball 2-1: Fly out, F8 (Flyball, 8RM, EV 81.2 MPH)
|
Batting: LHB Kenny Jackson
|
0-0: Ball 1-0: Swinging Strike 1-1: Ball 2-1: Swinging Strike 2-2: Strikes out swinging
|
Top of the 3rd over - 0 runs, 0 hits, 0 errors, 0 left on base; Boston (APP) 0 - Seattle (APP) 6 |
BOTTOM OF THE 3RD |
Seattle (APP) Mariners batting - Pitching for Boston (APP) Red Sox : RHP Du Kong
|
Batting: RHB Joaquin Salazar
|
0-0: Ball 1-0: Ball 2-0: Swinging Strike 2-1: Ground out 6-3 (Groundball, 6, EV 83.8 MPH)
|
Batting: RHB Ziven Badersky
|
0-0: Ball 1-0: Ball 2-0: Called Strike 2-1: Foul Ball, location: 2F 2-2: Ball 3-2: Base on Balls
|
Batting: LHB Garrett Dodge
|
0-0: Ball 1-0: Called Strike 1-1: Foul Ball, location: 2F 1-2: Ground out 5-3 (Groundball, 5S, EV 65.0 MPH) Ziven Badersky to second
|
Batting: RHB Tristan Martin
|
0-0: Called Strike 0-1: Ball 1-1: SINGLE (Line Drive, 9LS, EV 91.9 MPH) Ziven Badersky to third Runner from 3rd tries for Home, SAFE, throw by RF to home
|
Batting: RHB Carlton McDonald
|
0-0: Ball 1-0: Foul Ball, location: 2F 1-1: SINGLE (Groundball, 56D, EV 101.9 MPH) (infield hit) Tristan Martin to second
|
Batting: RHB Caleb Dean
|
0-0: Ball 1-0: Foul Ball, location: 2F 1-1: DOUBLE (Line Drive, 78D, EV 109.4 MPH) Tristan Martin scores Carlton McDonald to third Runner from 3rd tries for Home, SAFE, throw by LF to trailing runner, SAFE at third!
|
Batting: LHB William Gonzales
|
0-0: 2-RUN HOME RUN (Line Drive, 9D, EV 99.4 MPH), Distance : 390 ft
|
Pitching: RHP Zinedine Lahlafi
|
|
Batting: RHB Rich Griffith
|
0-0: Swinging Strike 0-1: Foul Ball, location: 2F 0-2: Ball 1-2: Foul Ball, location: 2F 1-2: Ground out 4-3 (Groundball, 4, EV 85.6 MPH)
|
Bottom of the 3rd over - 5 runs, 4 hits, 0 errors, 0 left on base; Boston (APP) 0 - Seattle (APP) 11 |
TOP OF THE 4TH |
Boston (APP) Red Sox batting - Pitching for Seattle (APP) Mariners : LHP Omar Gutierrez
|
Batting: RHB Bob Reichley
|
0-0: Foul Ball, location: 2F 0-1: Called Strike 0-2: Ball 1-2: Foul Ball, location: 2F 1-2: Strikes out swinging
|
Batting: RHB Chris Zubia
|
0-0: Called Strike 0-1: Foul Ball, location: 2F 0-2: DOUBLE (Line Drive, 78D, EV 111.2 MPH)
|
Batting: RHB Felix Rangel
|
0-0: Called Strike 0-1: Swinging Strike 0-2: Foul Ball, location: 2F 0-2: Ball 1-2: Ball 2-2: Foul Ball, location: 2F 2-2: Foul Ball, location: 2F 2-2: Ground out U3 (Groundball, 3, EV 82.5 MPH) Chris Zubia to third
|
Batting: RHB Eric Kent
|
0-0: Called Strike 0-1: Ball 1-1: Ball 2-1: Ball 3-1: Foul Ball, location: 2F 3-2: Strikes out swinging
|
Top of the 4th over - 0 runs, 1 hit, 0 errors, 1 left on base; Boston (APP) 0 - Seattle (APP) 11 |
BOTTOM OF THE 4TH |
Seattle (APP) Mariners batting - Pitching for Boston (APP) Red Sox : RHP Zinedine Lahlafi
|
Batting: RHB Eddie Luna
|
0-0: Foul Ball, location: 2F 0-1: SOLO HOME RUN (Flyball, 78XD, EV 111.2 MPH), Distance : 405 ft
|
Batting: RHB Joaquin Salazar
|
0-0: Ball 1-0: Ball 2-0: Ground out 3-1 (Groundball, 34S, EV 85.6 MPH)
|
Batting: RHB Ziven Badersky
|
0-0: Ball 1-0: Ground out 5-3 (Groundball, 56, EV 83.8 MPH)
|
Batting: LHB Garrett Dodge
|
0-0: Ball 1-0: Called Strike 1-1: Ball 2-1: Foul Ball, location: 2F 2-2: Strikes out swinging
|
Bottom of the 4th over - 1 run, 1 hit, 0 errors, 0 left on base; Boston (APP) 0 - Seattle (APP) 12 |
TOP OF THE 5TH |
Boston (APP) Red Sox batting - Pitching for Seattle (APP) Mariners : LHP Omar Gutierrez
|
Batting: RHB Wayne Whimster
|
0-0: Called Strike 0-1: Swinging Strike 0-2: Strikes out swinging
|
Batting: RHB Kirk Cully
|
0-0: Ball 1-0: Ground out 5-3 (Groundball, 56S, EV 72.5 MPH)
|
Batting: RHB Ryan Davis
|
0-0: Foul Ball, location: 2F 0-1: Swinging Strike 0-2: Foul Ball, location: 2F 0-2: Strikes out swinging
|
Top of the 5th over - 0 runs, 0 hits, 0 errors, 0 left on base; Boston (APP) 0 - Seattle (APP) 12 |
BOTTOM OF THE 5TH |
Seattle (APP) Mariners batting - Pitching for Boston (APP) Red Sox : RHP Zinedine Lahlafi
|
DELAY
|
Rain delay of 48 minutes in the 5th inning.
|
Batting: RHB Tristan Martin
|
0-0: Swinging Strike 0-1: Swinging Strike 0-2: Strikes out swinging
|
Batting: RHB Carlton McDonald
|
0-0: Foul Ball, location: 2F 0-1: Ball 1-1: Called Strike 1-2: SINGLE (Line Drive, 34D, EV 95.6 MPH)
|
Batting: RHB Caleb Dean
|
0-0: Foul Ball, location: 2F 0-1: Swinging Strike 0-2: Foul Ball, location: 2F 0-2: Ball 1-2: Foul Ball, location: 2F 1-2: Strikes out swinging
|
Batting: LHB William Gonzales
|
0-0: Ball 1-0: Ball 2-0: Ball 3-0: Called Strike 3-1: Base on Balls Carlton McDonald to second
|
Batting: RHB Rich Griffith
|
0-0: Called Strike 0-1: Foul Ball, location: 2F 0-2: Ground out 6-3 (Groundball, 56, EV 95.6 MPH)
|
Bottom of the 5th over - 0 runs, 1 hit, 0 errors, 2 left on base; Boston (APP) 0 - Seattle (APP) 12 |
TOP OF THE 6TH |
Boston (APP) Red Sox batting - Pitching for Seattle (APP) Mariners : LHP Omar Gutierrez
|
Batting: RHB Luis Nino
|
0-0: Called Strike 0-1: Ball 1-1: Foul Ball, location: 2F 1-2: Ball 2-2: Foul Ball, location: 2F 2-2: Foul Ball, location: 2F 2-2: Ball 3-2: Base on Balls
|
Batting: LHB Kenny Jackson
|
0-0: Swinging Strike 0-1: Ball 1-1: Ball 2-1: Swinging Strike 2-2: Strikes out swinging
|
Batting: RHB Bob Reichley
|
0-0: Called Strike 0-1: SINGLE (Groundball, 4M, EV 89.4 MPH) (infield hit) Luis Nino to second
|
Batting: RHB Chris Zubia
|
0-0: Foul Ball, location: 2F 0-1: Foul Ball, location: 2F 0-2: Ball 1-2: Ball 2-2: Strikes out swinging
|
Pitching: LHP David Reyes
|
|
Batting: RHB Felix Rangel
|
0-0: Ball 1-0: Swinging Strike 1-1: Foul Ball, location: 2F 1-2: Foul Ball, location: 2F 1-2: Ball 2-2: Ball 3-2: Strikes out swinging
|
Top of the 6th over - 0 runs, 1 hit, 0 errors, 2 left on base; Boston (APP) 0 - Seattle (APP) 12 |
BOTTOM OF THE 6TH |
Seattle (APP) Mariners batting - Pitching for Boston (APP) Red Sox : RHP Zinedine Lahlafi
|
Batting: RHB Eddie Luna
|
0-0: Fly out, F9 (Flyball, 9LD, EV 112.5 MPH)
|
Batting: RHB Joaquin Salazar
|
0-0: Swinging Strike 0-1: DOUBLE (Groundball, 5L, EV 100.6 MPH)
|
Batting: RHB Ziven Badersky
|
0-0: Called Strike 0-1: Fly out, F9 (Line Drive, 89M, EV 95.0 MPH)
|
Batting: LHB Garrett Dodge
|
0-0: Called Strike 0-1: Ball 1-1: Ball 2-1: Ball 3-1: Called Strike 3-2: Foul Ball, location: 2F 3-2: Strikes out swinging
|
Bottom of the 6th over - 0 runs, 1 hit, 0 errors, 1 left on base; Boston (APP) 0 - Seattle (APP) 12 |
TOP OF THE 7TH |
Boston (APP) Red Sox batting - Pitching for Seattle (APP) Mariners : LHP David Reyes
|
Pinch Hitting: RHB Joe Lewis
|
0-0: Called Strike 0-1: Ball 1-1: Ball 2-1: Swinging Strike 2-2: Ball 3-2: Strikes out swinging
|
Batting: RHB Wayne Whimster
|
0-0: Called Strike 0-1: Foul Ball, location: 2F 0-2: Strikes out swinging
|
Pinch Hitting: RHB Panam Palmer
|
0-0: Ball 1-0: Foul Ball, location: 2F 1-1: Foul Ball, location: 2F 1-2: Strikes out swinging, 2-3 out at first.
|
Top of the 7th over - 0 runs, 0 hits, 0 errors, 0 left on base; Boston (APP) 0 - Seattle (APP) 12 |
BOTTOM OF THE 7TH |
Seattle (APP) Mariners batting - Pitching for Boston (APP) Red Sox : RHP Zinedine Lahlafi
|
Now at 2B: Joe Lewis
|
|
Now at 3B: Luis Nino
|
|
Now at SS: Kenny Jackson
|
|
Now in CF: Panam Palmer
|
|
Batting: RHB Tristan Martin
|
0-0: Called Strike 0-1: Ball 1-1: Ball 2-1: Swinging Strike 2-2: Strikes out swinging
|
Batting: RHB Carlton McDonald
|
0-0: Ball 1-0: Ground out U3 (Groundball, 3, EV 105.0 MPH)
|
Batting: RHB Caleb Dean
|
0-0: Called Strike 0-1: Swinging Strike 0-2: Strikes out looking
|
Bottom of the 7th over - 0 runs, 0 hits, 0 errors, 0 left on base; Boston (APP) 0 - Seattle (APP) 12 |
TOP OF THE 8TH |
Boston (APP) Red Sox batting - Pitching for Seattle (APP) Mariners : LHP David Reyes
|
Batting: RHB Ryan Davis
|
0-0: Ground out 6-3 (Groundball, 6, EV 107.5 MPH)
|
Batting: RHB Luis Nino
|
0-0: Ball 1-0: Ball 2-0: Ball 3-0: Called Strike 3-1: Fly out, F7 (Line Drive, 78M, EV 93.8 MPH)
|
Pinch Hitting: RHB Eric McClelland
|
0-0: Called Strike 0-1: Ground out 6-3 (Groundball, 6, EV 101.9 MPH)
|
Top of the 8th over - 0 runs, 0 hits, 0 errors, 0 left on base; Boston (APP) 0 - Seattle (APP) 12 |
BOTTOM OF THE 8TH |
Seattle (APP) Mariners batting - Pitching for Boston (APP) Red Sox : RHP Zinedine Lahlafi
|
Pitching: RHP Robby Arce
|
|
Now at 3B: Jose Santiago
|
|
Now at SS: Luis Nino
|
|
Pinch Hitting: SHB Frank Amato
|
0-0: Foul Ball, location: 2F 0-1: Called Strike 0-2: Ball 1-2: Fly out, F9 (Flyball, 9LSF, EV 95.6 MPH)
|
Batting: RHB Rich Griffith
|
0-0: Ball 1-0: Swinging Strike 1-1: Ball 2-1: Foul Ball, location: 2F 2-2: Strikes out looking
|
Batting: RHB Eddie Luna
|
0-0: SINGLE (Groundball, 6MD, EV 96.9 MPH)
|
Batting: RHB Joaquin Salazar
|
0-0: DOUBLE (Groundball, 3L, EV 106.9 MPH) Eddie Luna to third
|
Batting: RHB Ziven Badersky
|
0-0: Ball 1-0: Ball Wild Pitch! Eddie Luna scores Joaquin Salazar to third 2-0: Swinging Strike 2-1: Ball 3-1: Base on Balls
|
Batting: LHB Garrett Dodge
|
0-0: Called Strike 0-1: Ball 1-1: Swinging Strike 1-2: Ball 2-2: Ball 3-2: Foul Ball, location: 2F 3-2: Strikes out looking
|
Bottom of the 8th over - 1 run, 2 hits, 0 errors, 2 left on base; Boston (APP) 0 - Seattle (APP) 13 |
TOP OF THE 9TH |
Boston (APP) Red Sox batting - Pitching for Seattle (APP) Mariners : LHP David Reyes
|
Now at 1B: Frank Amato
|
|
Batting: RHB Bob Reichley
|
0-0: Ball 1-0: Foul Ball, location: 2F 1-1: Swinging Strike 1-2: Ball 2-2: Foul Ball, location: 2F 2-2: Ball 3-2: Foul Ball, location: 2F 3-2: Strikes out swinging
|
Batting: RHB Chris Zubia
|
0-0: Ball 1-0: Swinging Strike 1-1: SINGLE (Line Drive, 4D, EV 94.4 MPH)
|
Batting: RHB Felix Rangel
|
0-0: Fielders Choice at 2nd, 4-6 (Groundball, 34, EV 86.2 MPH)
|
Pinch Hitting: SHB Arihito Hiramoto
|
0-0: Foul Ball, location: 2F 0-1: Fielders Choice at 2nd, 6-4 (Groundball, 6, EV 83.1 MPH)
|
Top of the 9th over - 0 runs, 1 hit, 0 errors, 1 left on base; Boston (APP) 0 - Seattle (APP) 13 |
|